 Dungeon Crawl Stone Soup version 0.31-a0-1074-g0b22e4e0f1 (webtiles) character file.

Game seed: 7526208232527104040

538 Strat the Caller (level 7, 0/38 (41) HPs)
             Began as a Deep Elf Summoner on Dec 1, 2023.
             Slain by a wight
             ... wielding a +4 scimitar of freezing
              (1 damage)
             ... on level 4 of the Dungeon.
             The game lasted 00:11:58 (4328 turns).

Strat the Caller (Deep Elf Summoner)                Turns: 4328, Time: 00:11:59

HP:   0/38 (41)     AC:  4    Str:  7    XL:     7   Next: 5%
MP:   6/15          EV: 12    Int: 20    God:
Gold: 155           SH:  0    Dex: 15    Spells: 4/14 levels left

rFire   . . .        a - +2 dagger (speed)
rCold   . . .        (no shield)
rNeg    . . .        h - +0 robe
rPois   .            (no helmet)
rElec   .            (no cloak)
rCorr   .            (no gloves)
SInv    .            k - +1 pair of boots
Will    .....        (no amulet)
Stlth   ++           (no ring)
HPRegen 0.26/turn    (no ring)
MPRegen 0.14/turn

%: no passive effects
@: drained
A: no striking features
a: no special abilities


You were on level 4 of the Dungeon.
You visited 1 branch of the dungeon, and saw 4 of its levels.

You collected 210 gold pieces.
You spent 55 gold pieces at shops.

Inventory:

Hand Weapons
 a - a +2 dagger of speed (weapon)
Missiles
 g - 4 poisoned darts
Armour
 h - a +0 robe (worn)
 k - a +1 pair of boots (worn)
Wands
 o - a wand of flame (11)
Scrolls
 c - 5 scrolls of teleportation
 i - a scroll of revelation {unknown}
 j - 4 scrolls of enchant weapon {unknown}
 l - a scroll of fear {unknown}
 q - a scroll of noise {unknown}
 r - a scroll of identify
Potions
 b - a potion of magic
 d - 2 potions of heal wounds
 e - 2 potions of attraction {unknown}
 f - a potion of curing {unknown}
 m - a potion of might {unknown}
 n - a potion of mutation {unknown}
 p - 2 potions of degeneration {unknown}


   Skills:
 + Level 3.0 Fighting
 - Level 2.4 Dodging
 - Level 2.4 Stealth
 - Level 4.3 Spellcasting
 - Level 2.0 Hexes
 * Level 7.5 Summonings


You had 4 spell levels left.
You knew the following spells:

 Your Spells              Type           Power      Damage    Failure   Level
a - Summon Small Mammal   Summ           100%       N/A       1%          1
b - Call Imp              Summ           68%        N/A       1%          2
c - Summon Guardian Gole  Hex/Summ       23%        N/A       5%          3
d - Summon Lightning Spi  Summ/Air       19%        N/A       26%         4

Your spell library contained the following spells:

 Spells                   Type           Power      Damage    Failure   Level
 Call Canine Familiar     Summ           34%        N/A       1%          3
 Sting                    Tmut/Pois      16%        1d3       12%         1
 Cigotuvi's Dreadful Rot  Necr/Pois/Air  8%         N/A       19%         2
 Poisonous Vapours        Pois/Air       8%         N/A       19%         2
 Dispel Undead            Necr           4%         3d7       77%         4
 Olgreb's Toxic Radiance  Pois           4%         N/A       77%         4
 Death Channel            Necr           2%         N/A       100%        6


Dungeon Overview and Level Annotations

Branches:
Dungeon (4/15)
 Temple: D:4-7

Altars:
Yredelemnul

Shops:
D:1 ?   D:2 :

Annotations:
D:2 Sigmund, Terence


Message History

Casting: Call Imp (safe; 1% risk of failure)
Confirm with . or Enter, or press ? or * to list all spells.
A tiny devil pulls itself out of the air.
You swap places.
Your cerulean imp hits the wight but does no damage.
Your cerulean imp closely misses the wight.
The wight barely misses your cerulean imp.
Your cerulean imp hits the wight but does no damage.
The wight hits your cerulean imp with a +4 scimitar of freezing!
The wight freezes your cerulean imp.
Your cerulean imp barely misses the wight.
The wight hits your cerulean imp with a +4 scimitar of freezing!
The wight freezes your cerulean imp.
Your cerulean imp dies!
Your cerulean imp disappears in a puff of smoke!
Your guardian golem overheats!
Casting: Call Imp (safe; 1% risk of failure)
Confirm with . or Enter, or press ? or * to list all spells.
A tiny devil pulls itself out of the air.
Your cerulean imp hits the wight but does no damage.
Your cerulean imp hits the wight but does no damage.
Casting: Call Imp (safe; 1% risk of failure)
Confirm with . or Enter, or press ? or * to list all spells.
The wight hits you with a +4 scimitar of freezing!
You feel drained.
* * * LOW HITPOINT WARNING * * *
The wight freezes you.
* * * LOW HITPOINT WARNING * * *
Your cerulean imp misses the wight.
Casting: Summon Small Mammal (safe; 1% risk of failure)
Confirm with . or Enter, or press ? or * to list all spells.
A tiny devil pulls itself out of the air.
Your cerulean imp disappears in a puff of smoke!
Your bat closely misses the wight.
The wight hits you with a +4 scimitar of freezing!
* * * LOW HITPOINT WARNING * * *
You feel drained.
* * * LOW HITPOINT WARNING * * *
The wight freezes you.
You die...

#.# ######### #.### #..5..z<#
#.#.. #.#####.# #.#.# ### #.#
#.#######.#.# ..# #.#
#............ #.# #5#
#.######....# #.#######
#.################# ........#
#.@z.b8##.#.#.# #.#####.#
####9####'#'#'#+#+# #.# #.#
#...'........... ..# #.#
#.####'#'#'#+#+# ### #.# #.#
#.#.#.# #.# #.# ########### ###.#
###.## ##.....# # ##.#.####
#....## ##.......
####.......#####.#...####........


You could see a wight (ally target), a friendly guardian golem (summoned, inner
flame), a friendly cerulean imp (summoned) and a friendly bat (summoned,
sheltered).

Vanquished Creatures
  A centaur zombie (D:4)
  A scorpion zombie (D:3)
  A hound zombie (D:4)
  A mummy (D:4)
  A dart slug (D:3)
  An orc (D:2)
  2 ball pythons
  2 hobgoblins
  A ball python zombie (D:3)
  A bat (D:3)
  A frilled lizard (D:1)
  A kobold (D:4)
  A rat (D:1)
15 creatures vanquished.

Vanquished Creatures (collateral kills)
  A scorpion (D:4)
  A necrophage (D:4)
  A hound (D:4)
  A jelly (D:4)
  A scorpion zombie (D:4)
  3 adders
  2 dart slugs
  4 orcs (D:4)
  9 endoplasms
  2 giant cockroaches
  4 goblins
  5 hobgoblins
  3 quokkas
  6 ball pythons
  A ball python zombie (D:3)
  5 bats
  3 frilled lizards (D:1)
  5 kobolds
  6 rats
63 creatures vanquished.

Vanquished Creatures (others)
  An ogre (D:4)
  An orc priest (D:4)
  An orc wizard (D:4)
  An orc (D:4)
4 creatures vanquished.

Grand Total: 82 creatures vanquished

Notes
Turn   | Place    | Note
-------+----------+-------------------------------------------
     0 | D:1      | Strat the Deep Elf Summoner began the quest for the Orb.
     0 | D:1      | Reached XP level 1. HP: 10/10 MP: 6/6
   283 | D:1      | Reached XP level 2. HP: 15/16 MP: 5/8
   352 | D:1      | Learned a level 2 spell: Call Imp
   782 | D:1      | Found Ydghyatet's Magic Scroll Shoppe.
   790 | D:1      | Bought a scroll of teleportation for 33 gold pieces
   790 | D:1      | Bought a scroll of identify for 22 gold pieces
  1020 | D:2      | Noticed Terence
  1094 | D:2      | Reached XP level 3. HP: 20/20 MP: 7/10
  1098 | D:2      | Learned a level 3 spell: Summon Guardian Golem
  1435 | D:2      | Noticed Sigmund
  1677 | D:2      | Found Gaosoint's Book Emporium.
  1706 | D:2      | Reached skill level 5 in Summonings
  1731 | D:2      | Reached skill level 1 in Fighting
  2007 | D:3      | Reached XP level 4. HP: 25/25 MP: 9/12
  2012 | D:3      | Learned a level 4 spell: Summon Lightning Spire
  2085 | D:3      | Reached skill level 1 in Hexes
  2396 | D:3      | Found a basalt altar of Yredelemnul.
  2713 | D:4      | Reached XP level 5. HP: 29/29 MP: 10/13
  2943 | D:4      | Noticed an ogre
  2992 | D:4      | Killed an ogre
  2993 | D:4      | Reached skill level 6 in Summonings
  3102 | D:4      | Reached XP level 6. HP: 34/35 MP: 12/14
  3566 | D:4      | Reached skill level 7 in Summonings
  4232 | D:4      | Reached XP level 7. HP: 21/40 MP: 8/15
  4328 | D:4      | HP: 1/38 [wight/+4 scimitar of freezing (5)]
  4328 | D:4      | Slain by a wight

Illustrated notes

Levels and vault maps discovered:
D:1:      mainiacjoe_arrival_reflecting_pool, layout_loops_ring, serial_shops,
          shop, nicolae_eternal_life
D:2:      layout_loops_ring, basic_altar, serial_shops, shop, uniq_terence,
          uniq_sigmund, uniq_robin
D:3:      layout_loops_ring, nicolae_yredelemnul_corpse_copse, kennysheep_donut
D:4:      layout_loops_corners, lemuel_mausoleum_altar_kikubaaqudgha,
          hangedman_minor_gate_pass

Skill      XL: |  1  2  3  4  5  6 |
---------------+-------------------+-----
Spellcasting   | 4 |  4.3
Summonings     | 5 6 7 |  7.5
Fighting       | 1 2 3 |  3.0
Hexes          | 2 |  2.0
Dodging        | |  2.4
Stealth        | |  2.4

Action                     |  1- 3 |  4- 6 |  7- 9 || total
---------------------------+-------+-------+-------++-------
  Melee: Unarmed           |     7 |       |       ||     7
         Dagger            |    18 |    28 |     1 ||    47
   Cast: Summon Small Mamm |    18 |    22 |     3 ||    43
         Call Imp          |    30 |    35 |     5 ||    70
         Summon Guardian G |     2 |     4 |     1 ||     7
    Use: Scroll            |     2 |       |       ||     2
   Stab: Distracted        |     1 |     1 |     1 ||     3
 Armour: Robe              |    19 |    23 |     2 ||    44
  Dodge: Dodged            |    25 |    23 |       ||    48

Table legend: (Time is in decaauts)
 A = Elapsed time spent in this place.
 B = Non-inter-level travel time spent in this place.
 C = Inter-level travel time spent in this place.
 D = Time resting spent in this place.
 E = Time spent auto-exploring this place.
 F = Levels seen in this place.
 G = Mean time per level.
                   A        B        C        D        E       F      G
               +--------+--------+--------+--------+--------+-----+--------+
         Total |   4313 |   4242 |     71 |    210 |   2633 |   4 | 1078.2 |
       Dungeon |   4313 |   4242 |     71 |    210 |   2633 |   4 | 1078.2 |
               +--------+--------+--------+--------+--------+-----+--------+

Top non-repeatable levels by time:
     D:4: 1643 daAuts
     D:1: 1046 daAuts
     D:2: 849 daAuts
     D:3: 774 daAuts
